 Dungeon Crawl Stone Soup version 0.30-a0-1016-gfb0d676c02 (webtiles) character file.

Game seed: 5944878883107572649

214 qeuew the Trooper (level 5, 0/47 HPs)
             Began as a Hill Orc Fighter on Apr 6, 2023.
             Succumbed to Robin's poison
             ... on level 4 of the Dungeon.
             The game lasted 00:02:51 (2634 turns).

qeuew the Trooper (Hill Orc Fighter)                Turns: 2634, Time: 00:02:52

Health: 0/47       AC:  8    Str: 19    XL:     5   Next: 92%
Magic:  5/5        EV:  9    Int:  8    God:
Gold:   162        SH:  5    Dex: 12    Spells: 4/4 levels left

rFire   . . .      SeeInvis .    a - +1 war axe
rCold   + . .      Faith    .    c - +0 buckler
rNeg    . . .      Spirit   .    b - +1 scale mail
rPois   .          Reflect  .    (no helmet)
rElec   .          Rampage  .    (no cloak)
rCorr   .                        (no gloves)
Will    +....                    (no boots) Stlth
                                 (no amulet)
HPRegen 0.27/turn                j - ring of willpower
MPRegen 0.09/turn                h - ring of protection from cold

@: lethally poisoned (0 -> -3)
A: no striking features
a: no special abilities


You were on level 4 of the Dungeon.
You visited 1 branch of the dungeon, and saw 4 of its levels.

You collected 162 gold pieces.

Inventory:

Hand Weapons
 a - a +1 war axe (weapon)
Missiles
 e - a throwing net (quivered)
Armour
 b - a +1 scale mail (worn)
 c - a +0 buckler (worn)
Jewellery
 h - a ring of protection from cold (right hand)
 j - a ring of willpower (left hand)
Scrolls
 i - a scroll of teleportation
Potions
 d - a potion of might
 g - a potion of flight
 m - a potion of invisibility


   Skills:
 * Level 4.7 Fighting
 * Level 4.4 Axes
 * Level 4.3 Armour
 + Level 1.1 Dodging
 * Level 4.4 Shields


You had 4 spell levels left.
You didn't know any spells.
Your spell library was empty.

Dungeon Overview and Level Annotations

Branches:
Dungeon (4/15)
 Temple: D:4-7

Altars:
Fedhas
Nemelex Xobeh
Sif Muna


Message History

Unknown command.
You barely miss something. You hit the goblin.
You kill the goblin!
Something hits you but does no damage.
You are poisoned.
You hit something.
You feel sick. Something hits you.
You are more poisoned.
You miss something.
You feel very sick.
Something hits you but does no damage. x2
You are more poisoned.
You closely miss something.
You feel very sick. Something hits you.
You are lethally poisoned!
You slash something!
Reactivating autopickup.
You feel a bit more experienced.
* * * LOW HITPOINT WARNING * * *
You feel very sick.
* * * LOW HITPOINT WARNING * * *
You feel very sick.
Things that are here:
a +0 dagger; a hobgoblin corpse
Okay, then.
Okay, then.
There is a lethal amount of poison in your body!
* * * LOW HITPOINT WARNING * * *
You feel sick.
* * * LOW HITPOINT WARNING * * *
You feel sick.
Things that are here:
a +0 dagger; a hobgoblin corpse
* * * LOW HITPOINT WARNING * * *
You feel sick.
* * * LOW HITPOINT WARNING * * *
You feel sick.
Things that are here:
a +0 dagger; a hobgoblin corpse You die...

#......<#
+.......#
#.......#
#.......+
####.......#
#......#####
#......+
#.)....#
#.).)@.#
#.)))<.#
#.........#
......#######
.......#
........#
........#
........#


There were no monsters in sight!

Vanquished Creatures
  2 orc wizards (D:3)
  Robin (D:4)
  4 gnolls (D:2)
  3 adders
  2 worms (D:2)
  A dart slug (D:1)
  2 orcs (D:3)
  8 ball pythons
  2 bats
  12 endoplasms
  4 giant cockroaches
  10 goblins
  13 hobgoblins
  2 quokkas (D:1)
  4 frilled lizards
  3 kobolds
  2 rats
75 creatures vanquished.

Notes
Turn   | Place    | Note
-------+----------+-------------------------------------------
     0 | D:1      | qeuew the Hill Orc Fighter began the quest for the Orb.
     0 | D:1      | Reached XP level 1. HP: 19/19 MP: 1/1
   249 | D:1      | Reached XP level 2. HP: 23/27 MP: 2/2
   447 | D:1      | Found a faded altar of an unknown god.
   467 | D:1      | Reached XP level 3. HP: 32/33 MP: 3/3
   987 | D:2      | Reached XP level 4. HP: 14/40 MP: 4/4
  1933 | D:3      | Found a shimmering blue altar of Sif Muna.
  1992 | D:3      | Found a blossoming altar of Fedhas.
  2006 | D:3      | Reached XP level 5. HP: 47/47 MP: 5/5
  2019 | D:3      | Reached skill level 1 in Dodging
  2123 | D:3      | Found a sparkling altar of Nemelex Xobeh.
  2613 | D:4      | Noticed Robin
  2628 | D:4      | Killed Robin
  2632 | D:4      | HP: 2/47 [poisoned by Robin]
  2634 | D:4      | Succumbed to Robin's poison

Illustrated notes

Levels and vault maps discovered:
D:1:      onia_arrival_pyramid, layout_basic, dreamdust_ecumenical_altar_statues
D:2:      layout_basic
D:3:      layout_basic, nemelex_dance_club_becter, fedhas_altar_2,
          mainiacjoe_overflow_surrounded_room
D:4:      layout_gridville, nicolae_ru_great_annihilating_truth, zin_angel,
          kennysheep_small_circle, uniq_robin

Skill      XL: |  1  2  3  4  5 |
---------------+----------------+-----
Axes           | 3 4 |  4.4
Fighting       | 4 |  4.7
Shields        | 4 |  4.4
Armour         | 4 |  4.3
Dodging        | 1 |  1.1

Action                     |  1- 3 |  4- 6 || total
---------------------------+-------+-------++-------
  Melee: War axe           |    64 |    86 ||   150
  Throw: Throwing net      |       |     1 ||     1
    Use: Scroll            |     6 |     5 ||    11
         Potion            |     3 |     3 ||     6
 Armour: Scale mail        |    29 |    44 ||    73
  Dodge: Dodged            |    49 |    26 ||    75
  Block: Buckler           |    15 |    12 ||    27

Table legend: (Time is in decaauts)
 A = Elapsed time spent in this place.
 B = Non-inter-level travel time spent in this place.
 C = Inter-level travel time spent in this place.
 D = Time resting spent in this place.
 E = Time spent auto-exploring this place.
 F = Levels seen in this place.
 G = Mean time per level.
                   A        B        C        D        E       F      G
               +--------+--------+--------+--------+--------+-----+--------+
         Total |   2686 |   2632 |     54 |     45 |   2164 |   4 |  671.5 |
       Dungeon |   2686 |   2632 |     54 |     45 |   2164 |   4 |  671.5 |
               +--------+--------+--------+--------+--------+-----+--------+

Top non-repeatable levels by time:
     D:2: 1095 daAuts
     D:1: 831 daAuts
     D:3: 725 daAuts
     D:4: 34 daAuts
